 Dungeon Crawl Stone Soup version 0.28.0 (webtiles) character file.

Game seed: 2394980553061129618

67 issech the Skirmisher (level 3, -4/37 HPs)
             Began as a Troll Monk on Feb 13, 2022.
             Killed by nerve-wracking pain
             ... invoked by an orc priest
              (14 damage)
             ... on level 3 of the Dungeon.
             The game lasted 00:04:49 (1544 turns).

issech the Skirmisher (Troll Monk)                  Turns: 1544, Time: 00:04:50

Health: -4/37      AC:  4    Str: 19    XL:     3   Next: 98%
Magic:  2/2        EV: 10    Int:  6    God:
Gold:   96         SH:  0    Dex: 14    Spells: 2/2 levels left

rFire   . . .      SeeInvis .   j - staff of poison
rCold   . . .      Faith    .   (no shield)
rNeg    . . .      Spirit   .   b - +0 robe
rPois   +          Reflect  .   (helmet restricted)
rElec   .          Harm     .   (no cloak)
rCorr   .          Rampage  .   (gloves unavailable)
Will    .....                   (boots unavailable)
Stlth   ++........              (no amulet)
HPRegen 0.92/turn               (no ring)
MPRegen 0.08/turn               (no ring)

@: no status effects
A: large, unfitting armour, claws 3, regeneration 1, shaggy fur 1, tough skin 1
a: no special abilities


You were on level 3 of the Dungeon.
You visited 1 branch of the dungeon, and saw 3 of its levels.

You collected 96 gold pieces.

Inventory:

Hand Weapons
 a - a +0 mace
Missiles
 e - 51 stones (quivered)
 h - 31 sling bullets
 i - 23 arrows
 n - 3 poisoned darts
Armour
 b - a +0 robe (worn)
Magical Staves
 j - a staff of poison (weapon)
Jewellery
 o - a +4 ring of protection
Wands
 m - a wand of acid (5)
Scrolls
 d - a scroll of identify {unknown}
 g - a scroll of enchant weapon {unknown}
 k - a scroll of teleportation {unknown}
 l - a scroll of enchant armour {unknown}
Potions
 c - a potion of degeneration {unknown}
 f - a potion of brilliance {unknown}


   Skills:
 + Level 3.2 Fighting
 + Level 3.1 Maces & Flails
 + Level 0.2(1.7) Staves
 + Level 2.8 Dodging
 + Level 1.1 Stealth


You had 2 spell levels left.
You didn't know any spells.
Your spell library contained the following spells:

 Spells                   Type           Power      Damage    Failure   Level
 Static Discharge         Conj/Air       0%         N/A       58%         2
 Dispel Undead            Necr           0%         3d6       99%         4
 Sticky Flame             Conj/Fire      0%         2d3       99%         4


Dungeon Overview and Level Annotations

Branches:
Dungeon (3/15)

Altars:


Innate Abilities, Weirdness & Mutations

You are too large for most types of armour.
You have claws for hands.
Your natural rate of healing is unusually fast.
You are covered in fur. (AC +1)
You have tough skin. (AC +1)


Message History

You hit the orc.
You kill the orc!
You hit the orc.
The orc is heavily wounded.
The orc priest mumbles some strange prayers to Beogh against you.
Beogh smites you!
You hit the orc but do no damage. The orc closely misses you.
The orc barely misses you.
The orc priest casts a cantrip, but nothing happens.
You closely miss the orc. The orc hits you with a +0 dagger.
The orc closely misses you.
You closely miss the orc. The orc hits you with a +0 dagger.
The orc closely misses you.
The orc priest casts a cantrip, but nothing happens.
The orc hits you with a +0 dagger.
You hit the orc but do no damage. The orc hits you with a +0 whip.
The orc barely misses you.
You hit the orc.
You kill the orc!
The orc misses you.
You hit the orc.
The orc is moderately wounded.
The orc hits you but does no damage.
The orc priest mumbles some strange prayers to Beogh against you.
Beogh smites you!
* * * LOW HITPOINT WARNING * * *
You hit the orc.
The orc is almost dead.
The orc hits you with a +0 whip.
* * * LOW HITPOINT WARNING * * *
You barely miss the orc.
The orc is almost dead.
The orc priest hits you with a +0 dagger.
* * * LOW HITPOINT WARNING * * *
The orc barely misses you.
You hit the orc but do no damage.
The orc is almost dead.
The orc priest calls down the wrath of Beogh upon you.
Pain shoots through your body!
You die...

##### # ...#
#.#####.############
#..@o†>.............
.......o#...#.#.........
#####...##.##..........#
.........'..........#
####...#.##..........#
....#.##..........#
.....#.##.>........#
.....#.####.########


You could see an orc priest and an orc.

Vanquished Creatures
  2 adders (D:2)
  A worm (D:2)
  A dart slug (D:3)
  2 orcs (D:3)
  3 endoplasms
  2 giant cockroaches (D:1)
  7 hobgoblins
  2 quokkas
  5 ball pythons
  3 bats (D:1)
  2 frilled lizards (D:1)
  4 goblins
  4 kobolds
  3 rats (D:1)
41 creatures vanquished.

Notes
Turn   | Place    | Note
-------+----------+-------------------------------------------
     0 | D:1      | issech the Troll Monk began the quest for the Orb.
     0 | D:1      | Reached XP level 1. HP: 22/22 MP: 0/0
   108 | D:1      | Reached XP level 2. HP: 29/29 MP: 1/1
   854 | D:2      | Reached XP level 3. HP: 37/37 MP: 2/2
  1152 | D:2      | Found a faded altar of an unknown god.
  1152 | D:2      | Noticed an orange demon
  1544 | D:3      | Killed from afar by an orc priest

Illustrated notes

Levels and vault maps discovered:
D:1:      elethiomel_arrival_maze, layout_basic, grunt_decor_one_mirror,
          hangedman_decor_growths, nrook_mini_vaults
D:2:      layout_rooms, dreamdust_ecumenical_altar_sealed_demon
D:3:      layout_basic

Skill      XL: |  1  2 |
---------------+-------+-----
Maces & Flails | 3 |  3.1
Fighting       | 3 |  3.2
Staves         | |  0.2
Dodging        | |  2.8
Stealth        | |  1.1

Action                   || total
-------------------------++-------
Melee: Mace              ||    65
       Staff             ||   108
       Punch             ||     2
 Stab: Sleeping          ||     2
Armor: Robe              ||    76
Dodge: Dodged            ||   123
